 Dungeon Crawl Stone Soup version 0.32-a0-747-gc8563f6773 (webtiles) character file.

Game seed: 12981990373116239915

43429 jestert79 the Fighter (level 13, 0/105 HPs)
             Began as a Green Draconian Summoner on Mar 17, 2024.
             Was a High Priest of Hepliaklqana.
             Slain by a death yak (2 damage)
             ... on level 5 of the Lair of Beasts.
             The game lasted 01:13:05 (18110 turns).

jestert79 the Fighter (Green Draconian Summoner)   Turns: 18110, Time: 01:13:06

Health: 0/105      AC: 13    Str: 12    XL:     13   Next: 90%
Magic:  4/17       EV: 19    Int: 26    God:    Hepliaklqana [*****.]
Gold:   778        SH:  5    Dex: 11    Spells: 5/18 levels left

rFire   . . .        S - staff of earth
rCold   . . .        y - +0 buckler
rNeg    . . .        (body armour unavailable)
rPois   +            (helmet restricted)
rElec   .            (no cloak)
rCorr   .            z - +1 pair of gloves
SInv    .            T - +2 pair of boots
Will    .....        p - amulet of magic regeneration
Stlth   ++           M - +6 ring of intelligence
HPRegen 0.37/turn    c - +5 ring of evasion
MPRegen 0.55/turn

%: no passive effects
@: slowed, studying Short Blades, very slow
A: reduced essence, noxious breath, AC +8, unfitting armour, poison resistance,
cold-blooded
a: Noxious Breath, Renounce Religion, Recall Ancestor, Ancestor Identity,
Transference, Idealise


You were on level 5 of the Lair of Beasts.
You worshipped Hepliaklqana.
Hepliaklqana was extremely pleased with you.
You visited 3 branches of the dungeon, and saw 17 of its levels.

You collected 836 gold pieces.
You spent 58 gold pieces at shops.

Inventory:

Hand Weapons
 e - a +1 dagger of venom
 f - the +3 short sword "Surigg" {freeze, +Blink}
   (You found it on level 4 of the Dungeon)

   +Blink:    It lets you blink.
 v - the +1 long sword of the Spectre {drain, rC+ rCorr SInv}
   (You found it on level 4 of the Dungeon)

   rC+:       It protects you from cold.
   SInv:      It lets you see invisible.
   rCorr:     It protects you from acid and corrosion.
 H - a +1 scimitar of flaming
 V - the +11 quarterstaff "Tezxerie" {heavy, rCorr Str+2 Dex-5}
   (You found it on level 5 of the Lair of Beasts)

   Str+2:     It affects your strength (+2).
   Dex-5:     It affects your dexterity (-5).
   rCorr:     It protects you from acid and corrosion.
Missiles
 m - 24 poisoned darts
Armour
 y - a +0 buckler (worn)
 z - a +1 pair of gloves (worn)
 T - a +2 pair of boots (worn)
Magical Staves
 E - a staff of alchemy
 S - a staff of earth (weapon)
Jewellery
 c - a +5 ring of evasion (right hand)
 h - an amulet of faith
 n - a ring of resist corrosion
 p - an amulet of magic regeneration (around neck)
 q - a ring of positive energy
 x - an amulet of guardian spirit
 G - a ring of positive energy
 L - a ring of see invisible
 M - a +6 ring of intelligence (left hand)
Wands
 D - a wand of roots (18)
 F - a wand of mindburst (13)
 J - a wand of acid (11)
 K - a wand of polymorph (10)
 O - a wand of flame (16)
 P - a wand of charming (6)
 R - a wand of digging (6)
Scrolls
 b - 2 scrolls of amnesia
 i - 3 scrolls of teleportation
 j - 4 scrolls of fear
 k - 3 scrolls of enchant weapon
 l - 2 scrolls of brand weapon
 o - a scroll of torment
 s - 7 scrolls of vulnerability
 w - 2 scrolls of fog
 B - 3 scrolls of blinking
 C - 4 scrolls of identify
Potions
 a - a potion of magic
 d - 2 potions of curing
 g - 3 potions of enlightenment
 r - 2 potions of brilliance
 t - 2 potions of lignification
 u - 3 potions of heal wounds
 A - 2 potions of attraction
 I - 2 potions of haste
 N - a potion of berserk rage
 Q - a potion of might
 U - a potion of ambrosia


   Skills:
 + Level 11.7 Fighting
 - Level 9.1(9.3) Short Blades
 - Level 3.1(6.5) Long Blades
 + Level 3.1 Staves
 + Level 10.1 Dodging
 - Level 1.7 Stealth
 - Level 6.0 Shields
 - Level 3.0 Spellcasting
 - Level 6.4 Conjurations
 - Level 10.3 Summonings
 - Level 6.4 Fire Magic
 + Level 8.3 Earth Magic
 + Level 4.8 Evocations


You had 5 spell levels left.
You knew the following spells:

 Your Spells              Type           Power      Damage    Failure   Level
a - Summon Small Mammal   Summ           100%       N/A       1%          1
b - Call Imp              Summ           100%       N/A       1%          2
c - Call Canine Familiar  Summ           55%        N/A       1%          3
d - Summon Blazeheart Go  Fire/Summ      47%        N/A       4%          4
e - Stone Arrow           Conj/Erth      100%       3d13      1%          3

Your spell library contained the following spells:

 Spells                   Type           Power      Damage    Failure   Level
 Sandblast                Erth           100%       2d20      1%          1
 Static Discharge         Conj/Air       40%        3-5/arc   4%          2
 Brom's Barrelling Bould  Conj/Erth      59%        2d7       6%          4
 Apportation              Tloc           6%         N/A       12%         1
 Summon Lightning Spire   Summ/Air       30%        N/A       16%         4
 Jinxbite                 Hex            6%         N/A       19%         2
 Sublimation of Blood     Necr           3%         N/A       19%         2
 Fireball                 Conj/Fire      18%        3d9       24%         5
 Iskenderun's Battlesphe  Conj           37%        2d9       24%         5
 Airstrike                Air            1%         2d(1-17)  77%         4
 Alistair's Intoxication  Alch           2%         N/A       98%         5
 Summon Hydra             Summ           27%        N/A       83%         7
 Conjure Ball Lightning   Conj/Air       10%        3x3d6     99%         6
 Orb of Destruction       Conj           18%        9d8       100%        7
 Discord                  Hex            1%         N/A       100%        8
 Disjunction              Tloc           1%         N/A       100%        8


Dungeon Overview and Level Annotations

Branches:
Dungeon (11/15)            Temple (1/1) D:4            Lair (5/5) D:8
  Swamp (0/4) Lair:3        Snake (0/4) Lair:3        Slime (0/5) Lair:5
    Orc (0/2) D:11

Altars:
Ashenzari
Cheibriados
Dithmenos
Elyvilon
Fedhas
Gozag
Hepliaklqana
Kikubaaqudgha
Makhleb
Nemelex Xobeh
Okawaru
Qazlal
Ru
Sif Muna
Trog
Uskayaw
Vehumet
Wu Jian
Xom
Yredelemnul
Zin
The Shining One

Shops:
D:3 [   D:4 =

Annotations:
D:11 1 runed translucent door
Lair:1 3 runed translucent doors, jasper's ghost, journeyman DsSh
Lair:5 1 runed translucent door


Innate Abilities, Weirdness & Mutations

Your life essence is reduced to manifest your ancestor. (-10% HP)
You can breathe blasts of noxious fumes.
Your lurid green scales are hard. (AC +8)
You cannot fit into any form of body armour.
Your system is resistant to poisons. (rPois)
You are cold-blooded and may be slowed by cold attacks.


Message History

A torpor snail comes into view.
Being near the torpor snail leaves you feeling lethargic.
You see here a basilisk corpse.
Unknown command.
The death yak is engulfed in blazing flames.
Aiming: Stone Arrow (safe; 1% risk of failure)
Press: ? - help, Q - select action, (/) - cycle Shift-Dir - straight line, f - death yak
Aim: a death yak (moderately wounded, 92% to hit)
You feel a surge of power!
The stone arrow hits the death yak!!
The death yak is severely wounded.
Your familiar recovers from its injuries.
Aiming: Stone Arrow (safe; 1% risk of failure)
Press: ? - help, Q - select action, (/) - cycle Shift-Dir - straight line, f/p - death yak
Aim: a death yak (severely wounded, 92% to hit)
You feel a surge of power!
The stone arrow hits the death yak but does no damage.
The death yak is severely wounded.
The death yak gores you!
* * * LOW HITPOINT WARNING * * *
You block the death yak's attack.
You don't have enough magic to cast this spell.
You don't have enough magic to cast this spell.
Unknown command.
Unknown command.
Aiming: Corrosive Bolt
Press: ? - help, Shift-Dir - straight line, f/p - death yak
Aim: a death yak (severely wounded, 91% to hit)
The bolt of acid hits the death yak!
The acid corrodes the death yak!
The death yak is almost dead.
The bolt of acid hits the torpor snail!!
The torpor snail is moderately wounded.
You block the death yak's attack.
Unknown command.
Aiming: Corrosive Bolt
Press: ? - help, Shift-Dir - straight line, f/p - death yak
Aim: a death yak (severely wounded, covered in acid, 91% to hit)
The bolt of acid misses the death yak.
You block the death yak's attack. The torpor snail misses you.
The death yak gores you.
You die...
Hepliaklqana delivers you to your ancestors.

##....#.....P# ...
#...........## ....
#..........#.# ....
#P.....#...### #...
##..###.#P..# #...
#..†.†..###### ##...
#P..#...####.###....
#.wY#...#....P##....
##.@#####.....##....
#P.....#.....##....
#......#.....#.....
##..........##.....
##...#.#...##...#.
##......#.......#
#..#P#...#......# #
########.#......#
#.......##


You could see a death yak (corroded) and a torpor snail.

Vanquished Creatures
  A boulder beetle (D:6)
  2 death yaks
  Urug (Lair:4)
  A skyshark (Lair:2)
  A fire crab (Lair:3)
  A lindwurm (Lair:5)
  A wolf spider (Lair:1)
  A manticore (Lair:5)
  7 elephants
  Joseph (D:8)
  5 black mambas (Lair:3)
  A torpor snail (Lair:1)
  A gargoyle (D:11)
  9 cane toads
  An unseen horror (D:11)
  2 komodo dragons
  3 rime drakes
  A polar bear (Lair:1)
  3 trolls
  8 blink frogs
  2 hornets
  10 dream sheep
  23 yaks
  A wyvern (Lair:5)
  3 basilisks
  3 vampire mosquitoes
  Menkaure (D:7)
  6 water moccasins
  2 acid dragons
  2 orc warriors (D:9)
  6 black bears
  5 centaurs
  7 wolves
  A phantom (D:6)
  2 kobold brigands (D:6)
  4 bullfrogs
  A gnoll sergeant (D:5)
  7 scorpions
  A burial acolyte (D:7)
  A wight (D:7)
  4 killer bees
  An electric eel (D:8)
  A howler monkey (D:5)
  2 hounds
  2 iguanas
  2 orc wizards
  2 hell rats (Lair:3)
  A mummy (D:7)
  4 gnolls
  9 adders
  2 dart slugs
  2 ribbon worms (D:2)
  12 orcs
  6 bats
  3 endoplasms (D:2)
  4 giant cockroaches
  6 goblins
  8 hobgoblins
  3 quokkas
  3 kobolds
  7 rats
223 creatures vanquished.

Vanquished Creatures (collateral kills)
  Fannar (Lair:1)
  A hydra (Lair:3)
  Erica (D:8)
  Pikel (D:8)
  A manticore (D:11)
  A cyclops (shapeshifter) (D:10)
  5 elephants
  3 black mambas
  A torpor snail (Lair:3)
  6 komodo dragons
  4 cane toads
  2 rime drakes
  Psyche (D:7)
  3 blink frogs
  4 dream sheep (Lair:3)
  5 shadows
  A wyvern (Lair:2)
  A basilisk (Lair:5)
  10 yaks
  2 vampire mosquitoes (D:10)
  A steam dragon (Lair:3)
  An acid dragon (D:10)
  4 water moccasins
  2 ice beasts
  2 black bears
  A sky beast (D:6)
  3 wolves (Lair:1)
  An ogre (D:4)
  3 centaurs
  A lemure (D:8)
  2 phantoms
  A kobold brigand (D:8)
  7 bullfrogs
  3 scorpions
  5 killer bees
  A howler monkey (D:5)
  3 bombardier beetles
  2 jellies
  4 hounds
  A gnoll bouda (D:8)
  An orc priest (D:9)
  2 sleepcaps
  3 hell rats (Lair:3)
  An iguana (D:6)
  3 orc wizards
  A mummy (D:7)
  13 adders
  10 gnolls
  A shadow imp (D:5)
  A white imp (D:5)
  A ribbon worm (D:2)
  A dart slug (D:1)
  11 orcs
  5 ball pythons
  3 bats
  7 endoplasms
  A giant cockroach (D:3)
  2 goblins (D:1)
  2 hobgoblins
  3 kobolds
  A frilled lizard (D:3)
  4 butterflies
179 creatures vanquished.

Vanquished Creatures (others)
  6 knights
  An orc wizard (D:9)
  3 ancestors (D:6)
  58 blazeheart cores
68 creatures vanquished.

Grand Total: 470 creatures vanquished

Notes
Turn   | Place    | Note
-------+----------+-------------------------------------------
     0 | D:1      | jestert79 the Draconian Summoner began the quest for the
                  | Orb.
     0 | D:1      | Reached XP level 1. HP: 14/14 MP: 3/3
   196 | D:1      | Reached XP level 2. HP: 6/20 MP: 0/5
   450 | D:1      | Learned a level 2 spell: Call Imp
   831 | D:1      | Reached skill level 5 in Summonings
   948 | D:2      | Reached XP level 3. HP: 26/26 MP: 6/6
  1552 | D:2      | Reached XP level 4. HP: 16/33 MP: 4/7
  1749 | D:2      | Learned a level 3 spell: Call Canine Familiar
  2235 | D:3      | Reached skill level 1 in Fighting
  2238 | D:3      | Reached XP level 5. HP: 36/40 MP: 3/8
  2291 | D:3      | Found Aneotaidgh's Armour Emporium.
  2306 | D:3      | Bought a +0 pair of boots for 58 gold pieces
  2574 | D:4      | Found a radiant altar of Vehumet.
  3221 | D:4      | Identified the +1 long sword of the Spectre {drain, rC+
                  | rCorr SInv}
  3278 | D:4      | Found a staircase to the Ecumenical Temple.
  3284 | D:4      | Found Fimu's Jewellery Shoppe.
  3299 | Temple   | Entered the Ecumenical Temple
  3305 | Temple   | Became a worshipper of Hepliaklqana the Forgotten
  3376 | D:4      | Noticed an ogre
  3386 | D:4      | Killed an ogre
  3387 | D:4      | Reached skill level 2 in Fighting
  3387 | D:4      | Reached XP level 6. HP: 49/49 MP: 3/9
  3449 | D:4      | Found an ornate altar of the Wu Jian Council.
  3498 | D:5      | Entered Level 5 of the Dungeon
  3535 | D:4      | Identified the +3 short sword "Surigg" {freeze, +Blink}
  3736 | D:5      | Found a blossoming altar of Fedhas.
  3860 | D:5      | Reached skill level 3 in Fighting
  4067 | D:5      | Your scales start taking on a lurid green colour.
  4067 | D:5      | Reached XP level 7. HP: 57/57 MP: 10/10
  4067 | D:5      | Gained mutation: Your system is resistant to poisons.
                  | (rPois) [Green Draconian growth]
  4636 | D:5      | Reached skill level 1 in Short Blades
  4834 | D:6      | Reached skill level 4 in Fighting
  4982 | D:6      | Reached * piety under Hepliaklqana
  4991 | D:6      | Found a burning altar of Makhleb.
  5029 | D:6      | Reached XP level 8. HP: 60/60 MP: 8/11
  5199 | D:6      | Found a sacrificial altar of Ru.
  5237 | D:6      | Noticed a boulder beetle
  5251 | D:6      | HP: 1/60 [boulder beetle (16)]
  5258 | D:6      | HP: 1/60 [boulder beetle (15)]
  5523 | D:6      | Reached skill level 5 in Fighting
  5644 | D:6      | Learned a level 4 spell: Summon Blazeheart Golem
  5670 | D:6      | Reached skill level 5 in Dodging
  5724 | D:6      | Reached skill level 1 in Fire Magic
  5908 | D:6      | Killed a boulder beetle
  5909 | D:6      | Reached XP level 9. HP: 66/66 MP: 12/12
  6405 | D:7      | Found a sparkling altar of Nemelex Xobeh.
  6496 | D:7      | Reached skill level 1 in Long Blades
  6571 | D:7      | Found a transporter.
  6578 | D:7      | Found a transporter.
  6630 | D:7      | Found a basalt altar of Yredelemnul.
  6634 | D:7      | Noticed Menkaure
  6640 | D:7      | Found an ancient bone altar of Kikubaaqudgha.
  6747 | D:7      | Reached ** piety under Hepliaklqana
  6748 | D:7      | Remembered your ancestor Ucanytic as a knight
  6904 | D:7      | Killed Menkaure
  6905 | D:7      | Reached skill level 5 in Fire Magic
  7157 | D:8      | Noticed Pikel
  7164 | D:8      | Killed Pikel
  7165 | D:8      | Reached skill level 6 in Fighting
  7180 | D:7      | Killed Psyche
  7230 | D:8      | Noticed a troll
  7236 | D:8      | Killed a troll
  7237 | D:8      | Reached XP level 10. HP: 53/75 MP: 11/13
  7537 | D:8      | Found an iron altar of Okawaru.
  7584 | D:8      | Noticed Joseph
  7609 | D:8      | Killed Joseph
  7610 | D:8      | Reached skill level 10 in Summonings
  7680 | D:8      | Found a staircase to the Lair.
  8034 | D:8      | Noticed Erica
  8046 | D:8      | Killed Erica
  8047 | D:8      | Reached skill level 7 in Fighting
  8786 | D:9      | Learned a level 3 spell: Stone Arrow
  8895 | D:9      | Reached skill level 1 in Conjurations
  8895 | D:9      | Reached skill level 1 in Earth Magic
  9179 | D:10     | Entered Level 10 of the Dungeon
  9179 | D:10     | Noticed a cyclops
  9187 | D:10     | Killed a cyclops
  9502 | D:10     | Reached XP level 11. HP: 83/83 MP: 13/15
  9751 | D:10     | Reached *** piety under Hepliaklqana
 10455 | D:11     | Found a runed translucent door.
 10470 | D:11     | Found a runed translucent door.
 10527 | D:11     | Reached skill level 5 in Conjurations
 10527 | D:11     | Reached skill level 5 in Earth Magic
 11139 | D:11     | Found a staircase to the Orcish Mines.
 11749 | Lair:1   | Entered Level 1 of the Lair of Beasts
 11768 | Lair:1   | Reached skill level 1 in Shields
 11842 | Lair:1   | Noticed a wolf spider
 11848 | Lair:1   | Killed a wolf spider
 11888 | Lair:1   | Reached skill level 5 in Shields
 11941 | Lair:1   | Noticed Fannar
 11956 | Lair:1   | Killed Fannar
 12040 | Lair:1   | Reached XP level 12. HP: 39/90 MP: 13/16
 12053 | Lair:1   | Reached skill level 8 in Fighting
 12228 | Lair:1   | Noticed jasper's ghost (journeyman DsSh)
 12255 | Lair:1   | Found a runed translucent gate.
 12255 | Lair:1   | Found a runed translucent gate.
 12255 | Lair:1   | Found a runed translucent gate.
 12354 | Lair:1   | Reached **** piety under Hepliaklqana
 12573 | Lair:1   | Reached skill level 5 in Short Blades
 13212 | Lair:2   | Reached skill level 9 in Fighting
 13604 | Lair:2   | Identified the +2 ring mail of the Earth {Str+9}
 14477 | Lair:3   | Reached skill level 10 in Fighting
 14609 | Lair:3   | Reached ***** piety under Hepliaklqana
 15141 | Lair:3   | Found a staircase to the Snake Pit.
 15234 | Lair:3   | Reached XP level 13. HP: 102/102 MP: 6/17
 15369 | Lair:3   | Reached skill level 1 in Evocations
 15391 | Lair:3   | Found a staircase to the Swamp.
 16010 | Lair:3   | Reached skill level 11 in Fighting
 16885 | Lair:4   | Reached skill level 1 in Staves
 17390 | Lair:4   | Noticed Urug
 17404 | Lair:4   | Killed Urug
 17647 | Lair:5   | Entered Level 5 of the Lair of Beasts
 17647 | Lair:5   | Noticed an acid blob
 17647 | Lair:5   | Found a runed translucent door.
 17648 | Lair:5   | Noticed an acid blob
 17649 | Lair:5   | Found a staircase to the Slime Pits.
 17652 | Lair:5   | Identified the +11 quarterstaff "Tezxerie" {heavy, rCorr
                  | Str+2 Dex-5}
 17732 | Lair:5   | Reached skill level 10 in Dodging
 18016 | Lair:5   | Identified the +0 pair of gloves of the Cartwright {rC+
                  | Str+3 Slay+2}
 18108 | Lair:5   | HP: 1/105 [death yak (14)]
 18110 | Lair:5   | Slain by a death yak

Illustrated notes

Levels and vault maps discovered:
D:1:      dpeg_arrival_shelter, layout_loops_ring
D:2:      layout_loops_ring
D:3:      layout_basic, serial_shops, nicolae_shop_advertising_works
          [nicolae_subvault_shop_adworks]
D:4:      layout_gridville, nicolae_wu_jian_glorious_leap,
          mainiacjoe_overflow_six_doors_small, minmay_temple_entry_butterflies,
          minmay_shop_enchanted_jewellery, ebering_dispersal_statue_hall
D:5:      layout_rooms, fedhas_altar_2
D:6:      minmay_opposing_rooms, layout_rooms, bloody_makhleb,
          nicolae_ru_sacrificial_ziggurat
D:7:      layout_cave_pools, gammafunk_temple_of_torment,
          mainiacjoe_overflow_chevrons
D:8:      layout_cave_pools, okawaru_ov_weapons_minmay, erik_lair_island,
          uniq_joseph, uniq_erica, uniq_pikel, uniq_psyche
D:9:      layout_roguey
D:10:     layout_loops_cross, hangedman_abyss_or_decor_passed
D:11:     lemuel_insect_pit, layout_loops_ring, orc_0_dummy
Temple:   compressed_dpeg_triangle_lava_temple
Lair:1:   minmay_lair_venomous_thicket, layout_hall_layers, gammafunk_ghost_icy,
          st_stairs_3, small_statue_intersection, infiniplex_staircase_pool,
          uniq_fannar
Lair:2:   layout_small_grid, grunt_forest_stairs_basic
Lair:3:   layout_roguey, mainiacjoe_swamp_entry_lozenge_pond,
          minmay_snake_entry_six_corridors, hangedman_lair_generics_rect
Lair:4:   layout_cave_pods, lemuel_fruit_fields, uniq_urug
Lair:5:   hangedman_lair_in_review, layout_cellular_growth, wormcave,
          slime_entry_2, grunt_megastairs_3

Skill      XL: |  1  2  3  4  5  6  7  8  9 10 11 12 13 |
---------------+----------------------------------------+-----
Summonings     | 5 6 7 9 10 | 10.3
Dodging        | 2 3 4 5 6 9 10 | 10.1
Fighting       | 1 2 3 4 5 6 7 10 11 | 11.7
Short Blades   | 2 3 9 |  9.1
Fire Magic     | 4 5 6 |  6.4
Long Blades    | 2 3 |  3.1
Conjurations   | 3 6 |  6.4
Earth Magic    | 3 6 8 |  8.3
Spellcasting   | 3 |  3.0
Shields        | 6 |  6.0
Evocations     | 4 |  4.8
Staves         | 3 |  3.1
Stealth        | |  1.7

Action                     |  1- 3 |  4- 6 |  7- 9 | 10-12 | 13-15 || total
---------------------------+-------+-------+-------+-------+-------++-------
  Melee: Unarmed           |    30 |       |       |       |       ||    30
         Tailslap          |     7 |    11 |    21 |    48 |    22 ||   109
         Dagger            |    59 |    71 |       |       |       ||   130
         Short sword       |       |    16 |   135 |   275 |       ||   426
         Staff             |       |       |       |     1 |    93 ||    94
  Throw: Dart              |       |       |     3 |     3 |       ||     6
   Cast: Summon Small Mamm |    19 |       |       |       |       ||    19
         Call Imp          |     9 |    23 |    23 |     7 |       ||    62
         Call Canine Famil |       |    11 |    17 |    13 |     1 ||    42
         Summon Blazeheart |       |       |     5 |    48 |    16 ||    69
         Stone Arrow       |       |       |       |    20 |    54 ||    74
 Invoke: Recall Ancestor   |       |       |     3 |     4 |     1 ||     8
         Ancestor Life: Kn |       |       |     1 |       |       ||     1
Ability: Noxious Breath    |       |       |     3 |     2 |       ||     5
  Evoke: Wand              |       |       |       |     5 |     2 ||     7
    Use: Scroll            |       |     6 |    12 |     4 |     4 ||    26
         Potion            |       |     1 |     1 |       |     2 ||     4
   Stab: Sleeping          |     1 |       |     1 |       |       ||     2
         Distracted        |       |     1 |       |     3 |       ||     4
         Confused          |       |       |       |     1 |       ||     1
 Armour: Skin              |    64 |    58 |   103 |   193 |   101 ||   519
  Dodge: Dodged            |    79 |    37 |    88 |   310 |   135 ||   649
  Block: Buckler           |       |       |       |    20 |    39 ||    59

Table legend: (Time is in decaauts)
 A = Elapsed time spent in this place.
 B = Non-inter-level travel time spent in this place.
 C = Inter-level travel time spent in this place.
 D = Time resting spent in this place.
 E = Time spent auto-exploring this place.
 F = Levels seen in this place.
 G = Mean time per level.
                   A        B        C        D        E       F      G
               +--------+--------+--------+--------+--------+-----+--------+
         Total |  18093 |  17153 |    940 |   5153 |   7784 |  17 | 1064.3 |
       Dungeon |  11710 |  10974 |    736 |   3096 |   5043 |  11 | 1064.5 |
        Temple |     12 |      7 |      5 |      0 |      0 |   1 |   12.0 |
          Lair |   6369 |   6171 |    198 |   2057 |   2741 |   5 | 1273.8 |
               +--------+--------+--------+--------+--------+-----+--------+

Top non-repeatable levels by time:
  Lair:3: 2065 daAuts
     D:5: 1588 daAuts
  Lair:1: 1390 daAuts
    D:11: 1348 daAuts
  Lair:2: 1247 daAuts
     D:4: 1236 daAuts
  Lair:4: 1196 daAuts
     D:7: 1097 daAuts
     D:6: 1066 daAuts
     D:9: 1049 daAuts
    D:10: 1047 daAuts
     D:1: 930 daAuts
     D:2: 928 daAuts
     D:8: 856 daAuts
     D:3: 560 daAuts
